 Dungeon Crawl Stone Soup version 0.29-a0-418-gc0181ea820 (webtiles) character file.

Game seed: 16782642237150918752

621 Kenran the Insei (level 7, -1/35 HPs)
             Began as a Spriggan Transmuter on May 17, 2022.
             Was an Initiate of Ru.
             Slain by a gnoll sergeant
             ... wielding a +0 trident
              (11 damage)
             ... on level 5 of the Dungeon.
             The game lasted 00:18:42 (7589 turns).

Kenran the Insei (Spriggan Transmuter)              Turns: 7589, Time: 00:18:42

Health: -1/35      AC:  2    Str:  6    XL:     7   Next: 22%
Magic:  0/12       EV: 23    Int: 15    God:    Ru [......]
Gold:   172        SH:  0    Dex: 22    Spells: 8/12 levels left

rFire   . . .      SeeInvis +     - Unarmed
rCold   . . .      Faith    .   (shield currently unavailable)
rNeg    . . .      Spirit   +   (body armour currently unavailable)
rPois   x          Reflect  .   (helmet currently unavailable)
rElec   .          Harm     .   (cloak currently unavailable)
rCorr   .          Rampage  .   (gloves unavailable)
Will    +....                   (boots unavailable)
Stlth   +++.......              d - amulet of guardian spirit
HPRegen 0.11/turn               (no ring)
MPRegen 0.13/turn               (no ring)

@: spider-form (expiring)
A: venomous fangs, tiny, no large weapons, unfitting armour, see invisible,
(speed 3)
a: End Transformation, Renounce Religion


You were on level 5 of the Dungeon.
You worshipped Ru.
Ru was noncommittal.
You were a venomous arachnid creature.
You visited 2 branches of the dungeon, and saw 6 of its levels.

You collected 172 gold pieces.

Inventory:

Missiles
 f - 42 stones
 i - 11 poisoned darts
Armour
 a - a +0 robe (melded)
 k - a +0 cloak (melded)
Jewellery
 d - an amulet of guardian spirit (around neck)
 j - an amulet of reflection
 t - a ring of fire
 u - a ring of ice
Wands
 w - a wand of mindburst (10)
Scrolls
 e - 2 scrolls of enchant weapon
 h - 3 scrolls of torment {unknown}
 l - a scroll of summoning {unknown}
 m - a scroll of amnesia {unknown}
 p - a scroll of teleportation {unknown}
 s - 2 scrolls of identify {@r1}
 v - a scroll of fear {unknown}
Potions
 b - a potion of invisibility
 c - a potion of haste {unknown}
 g - 3 potions of brilliance
 n - 2 potions of flight {unknown}
 o - a potion of attraction {unknown}
 q - 2 potions of cancellation {unknown}
 r - a potion of might {unknown}


   Skills:
 + Level 2.3 Fighting
 + Level 4.5 Dodging
 - Level 5.0 Stealth
 + Level 5.1 Unarmed Combat
 + Level 3.3 Spellcasting
 - Level 3.0 Transmutations


You had 8 spell levels left.
You knew the following spells:

 Your Spells              Type           Power      Damage    Failure   Level
a - Beastly Appendage     Tmut           22%        N/A       17%         1
b - Spider Form           Tmut/Pois      6%         N/A       54%         3

Your spell library contained the following spells:

 Spells                   Type           Power      Damage    Failure   Level
 Wereblood                Tmut           11%        N/A       22%         2
 Ignite Poison            Fire/Tmut/Pois 5%         N/A       58%         3
 Conjure Flame            Conj/Fire      2%         6-21      73%         3
 Ice Form                 Ice/Tmut       6%         N/A       87%         4
 Sticky Flame             Conj/Fire      2%         2d3       97%         4


Dungeon Overview and Level Annotations

Branches:
Dungeon (5/15)             Temple (1/1) D:4

Altars:
Ashenzari
Cheibriados
Dithmenos
Elyvilon
Fedhas
Hepliaklqana
Kikubaaqudgha
Makhleb
Nemelex Xobeh
Okawaru
Ru
Sif Muna
Trog
Uskayaw
Vehumet
Wu Jian
Xom
Yredelemnul
Zin
The Shining One

Annotations:
D:2 exclusion: adder
D:3 orc warrior!


Innate Abilities, Weirdness & Mutations

You are a venomous arachnid creature.
You have poisonous fangs.
You are tiny and dextrous.
Your spellcasting is less reliable in this form.
Your armour is entirely melded.
You are incapable of wielding weapons or throwing items.
You are very small and have problems with some larger weapons.
You are too small for most types of armour.
You have supernaturally acute eyesight. (SInv)
((You cover ground extremely quickly. (Speed+++)))


Message History

The spell is quite dangerous to miscast (32% risk of failure)!
Continue anyway?
You miscast Spider Form.
You are very lightly contaminated with residual magic.
Nothing appears to happen.
Casting: Spider Form (quite dangerous; 32% risk of failure)
Confirm with . or Enter, or press ? or * to list all spells.
The spell is quite dangerous to miscast (32% risk of failure)!
Continue anyway?
You turn into a venomous arachnid creature.
Your +0 cloak melds into your body.
Your +0 robe melds into your body.
You hit the dart slug but do no damage.
The dart slug is poisoned.
The dart slug is severely wounded.
You hit the dart slug but do no damage.
The dart slug is almost dead.
You kill the dart slug!
The gnoll sergeant misses you.
The gnoll sergeant hits you with a +0 trident!
You see here a dart slug corpse.
You are too injured to fight recklessly!
You hit the gnoll sergeant but do no damage.
The gnoll sergeant is poisoned.
Your transformation is almost over.
The gnoll sergeant misses you.
You hit the gnoll sergeant.
The gnoll sergeant looks even sicker.
The gnoll sergeant is moderately wounded.
The gnoll sergeant misses you.
You hit the gnoll sergeant.
The gnoll sergeant is moderately wounded.
The gnoll sergeant barely misses you.
You hit the gnoll sergeant but do no damage.
The gnoll sergeant is moderately wounded.
The gnoll sergeant closely misses you.
Your magical contamination has completely faded away.
You hit the gnoll sergeant but do no damage.
The gnoll sergeant looks as sick as possible!
The gnoll sergeant is moderately wounded.
The gnoll sergeant hits you with a +0 trident!
* * * LOW HITPOINT WARNING * * *
The gnoll sergeant attacks as you move away!
The gnoll sergeant hits you with a +0 trident!
You die...

........#
##..>....#
#........#
#........#
#........#
#..##....#
###...<...###
#.#..[........
#gs#..........
#..####....##...
#>. ....$.....
..## ...###.....
.#. .### ...# #
. #. ...# # ..
.#


You could see a gnoll sergeant (extremely poisoned).

Vanquished Creatures
  Eustachio (D:3)
  2 orc priests (D:4)
  Crazy Yiuf (D:2)
  2 hounds
  Jessica (D:3)
  Natasha (thrice) (D:4)
  Terence (D:2)
  An orc wizard (D:3)
  5 gnolls
  3 adders (D:3)
  An ufetubus (D:4)
  2 worms
  4 dart slugs
  11 orcs
  7 ball pythons
  7 endoplasms
  8 giant cockroaches
  8 goblins
  4 hobgoblins
  2 jackals (D:2)
  6 kobolds
  4 quokkas
  2 bats
  3 frilled lizards
  10 rats
99 creatures vanquished.

Notes
Turn   | Place    | Note
-------+----------+-------------------------------------------
     0 | D:1      | Kenran the Spriggan Transmuter began the quest for the Orb.
     0 | D:1      | Reached XP level 1. HP: 9/9 MP: 5/5
     2 | D:1      | Noticed a troll
     4 | D:1      | Noticed a dwarf
     6 | D:1      | Noticed a demigod
     8 | D:1      | Noticed a formicid
     8 | D:1      | Noticed a demonspawn
    10 | D:1      | Noticed a naga
    12 | D:1      | Noticed a merfolk
    12 | D:1      | Noticed a human
    14 | D:1      | Noticed a draconian
    16 | D:1      | Noticed a vine stalker
    16 | D:1      | Noticed an elf
    18 | D:1      | Noticed a felid
    18 | D:1      | Noticed a gargoyle
    20 | D:1      | Noticed a minotaur
    20 | D:1      | Noticed a vampire
    22 | D:1      | Noticed an ogre
    22 | D:1      | Noticed a ghoul
    24 | D:1      | Noticed an octopode
    24 | D:1      | Noticed a spriggan
    26 | D:1      | Noticed a tengu
    79 | D:1      | Reached skill level 1 in Fighting
    79 | D:1      | Reached skill level 1 in Stealth
    79 | D:1      | Reached XP level 2. HP: 14/14 MP: 6/6
   624 | D:1      | Reached XP level 3. HP: 18/18 MP: 6/8
   769 | D:1      | Found a faded altar of an unknown god.
  1394 | D:2      | Found a runed translucent door.
  1395 | D:2      | Noticed Crazy Yiuf
  1599 | D:2      | Reached XP level 4. HP: 23/23 MP: 7/9
  1935 | D:2      | Noticed Terence
  2761 | D:2      | Learned a level 3 spell: Spider Form
  2772 | D:2      | Killed Terence
  3512 | D:2      | Killed Crazy Yiuf
  3799 | D:3      | Reached XP level 5. HP: 26/26 MP: 8/10
  3834 | D:3      | Noticed Jessica
  3841 | D:3      | Killed Jessica
  5437 | D:4      | Noticed an orc warrior
  5523 | D:4      | Noticed Eustachio
  5679 | D:3      | Killed Eustachio
  5680 | D:3      | Reached XP level 6. HP: 10/30 MP: 0/11
  5957 | D:3      | Reached skill level 5 in Stealth
  6143 | D:4      | Reached skill level 5 in Unarmed Combat
  6513 | D:4      | Reached XP level 7. HP: 27/35 MP: 6/12
  6761 | D:4      | Noticed Natasha
  6774 | D:4      | Killed Natasha
  6902 | D:4      | Found a staircase to the Ecumenical Temple.
  6910 | Temple   | Entered the Ecumenical Temple
  7239 | Temple   | Became a worshipper of Ru the Awakened
  7270 | D:4      | Noticed Natasha
  7277 | D:4      | Killed Natasha
  7445 | D:4      | Noticed Natasha
  7454 | D:4      | Killed Natasha
  7568 | D:5      | Entered Level 5 of the Dungeon
  7589 | D:5      | Slain by a gnoll sergeant

Illustrated notes

Levels and vault maps discovered:
D:1:      kb_arrival_jail, layout_loops_cross,
          ebering_ecumenical_altar_petrified
D:2:      layout_basic, uniq_terence, uniq_crazy_yiuf_cottage
D:3:      layout_basic, minmay_misc_feat_tiny, uniq_jessica
D:4:      kennysheep_the_goblin_king, layout_cave_pools,
          minmay_temple_entry_junction, st_stairs_5, uniq_natasha,
          uniq_eustachio
D:5:      layout_cave_pools, nicolae_qazlal_scattered_showers,
          gammafunk_ghost_mausoleum, st_stairs_7
Temple:   mainiacjoe_temple_cubbyholes

Skill      XL: |  1  2  3  4  5  6  7 |
---------------+----------------------+-----
Fighting       | 1 2 |  2.3
Stealth        | 1 2 3 4 5 |  5.0
Unarmed Combat | 3 4 5 |  5.1
Dodging        | 3 4 |  4.5
Transmutations | 3 |  3.0
Spellcasting   | 3 |  3.3

Action                   |  1- 3 |  4- 6 |  7- 9 || total
-------------------------+-------+-------+-------++-------
Melee: Unarmed           |    70 |   215 |    74 ||   359
       Kick              |    18 |    33 |     3 ||    54
       Headbutt          |     9 |    27 |     3 ||    39
       Punch             |       |     3 |     2 ||     5
 Cast: Beastly Appendage |    17 |    17 |     3 ||    37
       Spider Form       |       |     7 |     4 ||    11
  Use: Potion            |     1 |       |       ||     1
       Scroll            |     3 |     1 |       ||     4
 Stab: Sleeping          |     6 |     5 |       ||    11
       Distracted        |       |     1 |     1 ||     2
Armor: Skin              |     2 |     2 |     1 ||     5
       Robe              |     7 |    21 |     4 ||    32
Dodge: Dodged            |    36 |   219 |    70 ||   325

Table legend: (Time is in decaauts)
 A = Elapsed time spent in this place.
 B = Non-inter-level travel time spent in this place.
 C = Inter-level travel time spent in this place.
 D = Time resting spent in this place.
 E = Time spent auto-exploring this place.
 F = Levels seen in this place.
 G = Mean time per level.
                   A        B        C        D        E       F      G
               +--------+--------+--------+--------+--------+-----+--------+
         Total |   5787 |   5620 |    167 |   1715 |   2722 |   6 |  964.5 |
       Dungeon |   5565 |   5435 |    130 |   1715 |   2540 |   5 | 1113.0 |
        Temple |    221 |    184 |     37 |      0 |    181 |   1 |  221.0 |
               +--------+--------+--------+--------+--------+-----+--------+

Top non-repeatable levels by time:
     D:2: 2353 daAuts
     D:3: 1598 daAuts
     D:4: 813 daAuts
     D:1: 783 daAuts
  Temple: 221 daAuts
     D:5: 16 daAuts
